 Dungeon Crawl Stone Soup version 0.27.1 (webtiles) character file.

Game seed: 9003161870911241611

138917 Kinoniko the Brawler (level 16, -3/165 HPs)
             Began as a Troll Monk on Sept 1, 2021.
             Was the Champion of Okawaru.
             Slain by a naga warrior (26 damage)
             ... on level 1 of the Snake Pit.
             The game lasted 00:33:26 (20793 turns).

Kinoniko the Brawler (Troll Monk)                  Turns: 20793, Time: 00:33:27

Health: -3/165     AC: 12    Str: 31    XL:     16   Next: 72%
Magic:  0/19       EV: 16    Int: 12    God:    Okawaru [******]
Gold:   1121       SH:  0    Dex: 17    Spells: 15/15 levels left

rFire    + . .     SeeInvis +     - Unarmed
rCold    + . .     Faith    .   (no shield)
rNeg     . . .     Spirit   +   S - +1 troll leather armour
rPois    +         Reflect  .   A - +1 hat of Negligence {rPois rC+ Will+ Int+2}
rElec    .         Harm     .   a - +1 cloak {Stlth+}
rCorr    .         Rampage  .   (gloves unavailable)
Will     ++...                  (boots unavailable)
Stlth    ++++......             T - amulet of guardian spirit
HPRegen  2.37/turn              N - ring "Biluome" {Contam rPois rF+ Str+2 SInv}
MPRegen  0.16/turn              o - ring of Qufuj {Str+6 Int+4 SInv}

@: about to teleport, heroic, constricted
A: large, unfitting armour, claws 3, regeneration 1, shaggy fur 1, tough skin 1
a: Renounce Religion, Heroism, Finesse


You were on level 1 of the Snake Pit.
You worshipped Okawaru.
Okawaru was exalted by your worship.
You visited 5 branches of the dungeon, and saw 24 of its levels.
You also visited: Sewer.

You collected 1823 gold pieces.
You spent 702 gold pieces at shops.

Inventory:

Hand Weapons
 y - the +4 executioner's axe of Ascent {flame, rC+ rN+}
   (Okawaru gifted it to you on level 2 of the Orcish Mines)

   It burns those it strikes, dealing additional fire damage.
   Big, fiery blades are also staple armaments of hydra-hunters.
   rC:        It protects you from cold.
   rN:        It protects you from negative energy.
 F - the +11 bardiche of Tooth {drain, rCorr}
   (Okawaru gifted it to you on level 10 of the Dungeon)

   A truly terrible weapon, it drains the life of any living foe it strikes.
   rCorr:     It protects you from acid and corrosion.
 W - the +7 pair of quick blades "Gyre" and "Gimble" {protect}
   (You took it off an orc warrior on level 1 of the Orcish Mines)

   It grants its wielder temporary protection when it strikes (+7 to AC).
Missiles
 j - 5 throwing nets
Armour
 a - a +1 cloak of stealth (worn)
 k - a +2 cloak
 A - the +1 hat of Negligence (worn) {rPois rC+ Will+ Int+2}
   (You found it on level 9 of the Dungeon)

   Int:       It affects your intelligence (+2).
   rC:        It protects you from cold.
   rPois:     It protects you from poison.
   Will:      It increases your willpower.
 E - the +1 robe of Wuotuadd {Regen+ rCorr Int+4}
   (You found it on level 1 of the Lair of Beasts)

   Int:       It affects your intelligence (+4).
   Regen:     It increases your rate of health regeneration.
   rCorr:     It protects you from acid and corrosion.
 S - a +1 troll leather armour (worn)
Jewellery
 h - a ring of protection from fire
 o - the ring of Qufuj (right claw) {Str+6 Int+4 SInv}
   (You found it on level 5 of the Dungeon)

   [ring of strength]

   Str:       It affects your strength (+6).
   Int:       It affects your intelligence (+4).
   SInv:      It lets you see invisible.
 q - a ring of protection from fire
 r - a +6 ring of dexterity
 w - a ring of flight
 B - a ring of protection from cold
 C - a ring of see invisible
 N - the ring "Biluome" (left claw) {Contam rPois rF+ Str+2 SInv}
   (You found it on level 3 of the Lair of Beasts)

   [ring of protection from fire]

   Str:       It affects your strength (+2).
   rF:        It protects you from fire.
   rPois:     It protects you from poison.
   SInv:      It lets you see invisible.
   Contam:    It causes magical contamination when unequipped.
 T - an amulet of guardian spirit (around neck)
 U - the ring "Yqoguah" {rPois Will+ rCorr Int+3}
   (You found it on level 13 of the Dungeon)

   [ring of resist corrosion]

   Int:       It affects your intelligence (+3).
   rPois:     It protects you from poison.
   rCorr:     It protects you from acid and corrosion.
   Will:      It increases your willpower.
 Z - a +4 ring of protection
Wands
 f - a wand of iceblast (12)
 i - a wand of flame (71) (quivered)
 D - a wand of paralysis (10)
 G - a wand of polymorph (6)
 Q - a wand of charming (10)
Scrolls
 g - 6 scrolls of teleportation
 l - a scroll of blinking
 s - 4 scrolls of amnesia
 t - 3 scrolls of torment
 x - 2 scrolls of immolation
 I - 3 scrolls of brand weapon
 J - 2 scrolls of fog
 M - a scroll of holy word
 V - 2 scrolls of magic mapping
 X - a scroll of enchant weapon
Potions
 b - 3 potions of magic
 c - 3 potions of haste
 d - 5 potions of cancellation
 e - 2 potions of flight
 m - 7 potions of curing
 n - 5 potions of might
 p - 9 potions of heal wounds
 u - 2 potions of resistance
 v - 2 potions of invisibility
 H - a potion of brilliance {unknown}
 K - 2 potions of lignification
 O - a potion of attraction {unknown}
 P - a potion of mutation {unknown}
Miscellaneous
 z - a tin of tremorstones (2/2)
 L - a lightning rod (4/4)


   Skills:
 + Level 11.7(16.7) Fighting
 + Level 7.6(12.6) Armour
 + Level 11.5(16.5) Dodging
 - Level 1.0(6.0) Stealth
 * Level 19.0(24.0) Unarmed Combat
 - Level 6.6 Invocations


You had 15 spell levels left.
You didn't know any spells.
Your spell library contained the following spells:

 Spells                   Type           Power      Damage    Failure   Level
 Corona                   Hex            0%         N/A       34%         1
 Magic Dart               Conj           0%         1d3       34%         1
 Shock                    Conj/Air       0%         1d3       34%         1
 Summon Small Mammal      Summ           0%         N/A       34%         1
 Corpse Rot               Necr/Air       N/A        N/A       47%         2
 Ensorcelled Hibernation  Hex/Ice        0%         N/A       47%         2
 Searing Ray              Conj           0%         3d3       47%         2
 Call Canine Familiar     Summ           0%         N/A       71%         3
 Summon Guardian Golem    Hex/Summ       0%         N/A       71%         3
 Swiftness                Air            0%         N/A       71%         3
 Tukima's Dance           Hex            0%         N/A       71%         3
 Airstrike                Air            0%         N/A       98%         4
 Animate Dead             Necr           0%         N/A       98%         4
 Dispel Undead            Necr           0%         3d6       98%         4
 Fulminant Prism          Conj/Hex       0%         3d6       98%         4
 Iskenderun's Mystic Bla  Conj/Tloc      0%         2d3       98%         4
 Passage of Golubria      Tloc           N/A        N/A       98%         4
 Blade Hands              Tmut           0%         N/A       100%        5
 Irradiate                Conj/Tmut      0%         3d13      100%        5
 Lee's Rapid Deconstruct  Erth           0%         3d5*      100%        5
 Yara's Violent Unravell  Hex/Tmut       0%         3d3       100%        5
 Death Channel            Necr           0%         N/A       100%        6
 Dragon Form              Tmut           0%         N/A       100%        7
 Haunt                    Necr/Summ      0%         N/A       100%        7
 Infestation              Necr           0%         N/A       100%        8


Dungeon Overview and Level Annotations

Branches:
Dungeon (13/15) Temple (1/1) D:6 Lair (6/6) D:10 Shoals (0/4) Lair:2 Snake (2/4) Lair:2 Slime (0/5) Lair:5 Orc (2/2) D:9 Elf (0/3) Orc:2 Vaults (0/5) D:12 D:13 Sewer (visited)

Altars:
Ashenzari
Cheibriados
Dithmenos
Elyvilon
Fedhas
Gozag
Hepliaklqana
Kikubaaqudgha
Makhleb
Nemelex Xobeh
Okawaru
Qazlal
Ru
Sif Muna
Trog
Uskayaw
Vehumet
Wu Jian
Xom
Yredelemnul
Zin
The Shining One
Beogh
Jiyva

Shops:
D:6 ?   D:9 !   D:13 [*:   Orc:2 [**[


Innate Abilities, Weirdness & Mutations

You are too large for most types of armour.
You have claws for hands.
Your natural rate of healing is unusually fast.
You are covered in fur. (AC +1)
You have tough skin. (AC +1)


Message History

You feel very sick.
You scratch the naga warrior.
The naga warrior is moderately wounded.
You feel very sick.
The salamander no longer looks unusually strong.
A naga mage comes into view. It is wielding a +0 halberd.
The salamander hits you from afar with a +4 spear of venom.
You are engulfed in flames.
You resist.
You are more poisoned.
You gain the combat prowess of a mighty hero.
You feel extremely sick.
The naga warrior roars a battlecry!
The nagas go into a battle-frenzy!
The salamander hits you from afar with a +4 spear of venom!!
You are engulfed in flames.
You resist.
You are more poisoned.
The naga warrior blocks your attack.
The naga warrior is moderately wounded.
You feel very sick.
The naga warrior hits you with a +0 mace!
The naga warrior grabs you. The naga warrior constricts you.
The salamander hits you from afar with a +4 spear of venom!
You are engulfed in flames.
You resist.
* * * LOW HITPOINT WARNING * * *
As you read the scroll of teleportation, it crumbles to dust.
You feel strangely unstable.
You feel extremely sick.
The naga warrior hits you with a +0 mace!!
* * * LOW HITPOINT WARNING * * *
The naga warrior constricts you.
* * * LOW HITPOINT WARNING * * *
The naga spits poison at you. The splash of poison hits you.
You are more poisoned.
You resist. The salamander misses you.
Unknown command.
Unknown command.
You feel better.
The naga warrior hits you with a +0 mace!!
You die...

#.# #.... .
#...#.... # #. #..
.... .# .. #..
#..###.#########
#.#.##.##..#...
#.......
...NN.......#
##......#
#N.N#.#..###.......[
#..@.......#.......#
#####..............#
#....>.#.......#
#.......#<.....#
#..............#
##.....#........
#######......#.
#.####..# ##.# #..


You could see a naga warrior, a salamander (strong), a naga mage (strong) and a
naga (strong).

Vanquished Creatures
  Rupert (Lair:4)
  4 orc warlords
  A stone giant (D:9)
  The ghost of Kala the Basher, a journeyman MiBe of Trog (Orc:1)
  2 boulder beetles
  5 hydras
  2 naga warriors (Snake:1)
  A merfolk avatar (Lair:6)
  12 two-headed ogres
  2 catoblepae
  6 death yaks (Lair:5)
  3 centaur warriors (D:13)
  2 tengu warriors (D:13)
  4 orc high priests (Orc:2)
  Urug (D:13)
  Nergalle (Lair:2)
  A deep troll (Orc:1)
  4 lindwurms (Lair:2)
  A deep elf pyromancer (D:11)
  3 harpies (Lair:6)
  A wolf spider (D:9)
  11 orc sorcerers
  Pikel (D:6)
  5 orc knights
  5 slime creatures
  3 ugly things
  2 salamanders (Snake:1)
  2 oklob plants
  4 manticores
  A manticore (shapeshifter) (D:13)
  3 cyclopes
  A guardian serpent (Snake:1)
  7 black mambas
  2 moths of wrath (Orc:1)
  22 elephants
  2 naga magi (Snake:1)
  8 cane toads
  A gargoyle (D:10)
  3 rime drakes
  16 komodo dragons
  12 trolls
  A jumping spider (shapeshifter) (D:9)
  9 polar bears
  2 hornets (Lair:6)
  Grinder (D:6)
  14 blink frogs
  3 shadows
  4 wyverns
  Sigmund (D:2)
  4 wraiths
  57 yaks
  A human (shapeshifter) (D:12)
  16 humans
  A basilisk (Lair:6)
  5 steam dragons
  Eustachio (D:4)
  12 vampire mosquitoes
  Edmund (D:4)
  3 wargs
  3 nagas
  3 acid dragons
  13 water moccasins
  An ice beast (D:8)
  A black bear (D:6)
  52 orc warriors
  8 wolves
  10 ogres
  9 centaurs
  2 phantoms
  4 lemures (D:6)
  6 kobold brigands
  2 gnoll sergeants
  A wyvern zombie (D:8)
  17 bullfrogs
  2 scorpions (D:5)
  A wyvern skeleton (D:6)
  24 killer bees
  3 wights (D:8)
  4 electric eels
  A jelly (D:4)
  6 centaur zombies
  Crazy Yiuf (D:2)
  26 orc priests
  4 hounds
  Jessica (D:2)
  3 bullfrog skeletons
  3 iguanas
  32 orc wizards
  A hound zombie (D:5)
  Robin (D:3)
  12 gnolls
  A howler monkey zombie (D:5)
  9 adders
  11 river rats
  A white imp (D:6)
  A howler monkey simulacrum (D:9)
  An ufetubus (D:5)
  4 worms
  4 dart slugs
  107 orcs
  7 bats
  6 endoplasms
  5 giant cockroaches
  11 goblins
  6 hobgoblins
  6 jackals
  3 quokkas
  9 ball pythons
  4 frilled lizards
  40 kobolds
  23 rats
  A bush (Lair:5)
  A butterfly (Lair:6)
823 creatures vanquished.

Vanquished Creatures (others)
  An orc (Orc:1)
  24 fungi
  90 plants
115 creatures vanquished.

Grand Total: 938 creatures vanquished

Notes
Turn   | Place    | Note
-------+----------+-------------------------------------------
     0 | D:1      | Kinoniko the Troll Monk began the quest for the Orb.
     0 | D:1      | Reached XP level 1. HP: 22/22 MP: 0/0
   106 | D:1      | Reached XP level 2. HP: 28/29 MP: 1/1
   205 | D:1      | Found a faded altar of an unknown god.
   221 | D:1      | Reached XP level 3. HP: 36/36 MP: 2/2
   533 | D:2      | Noticed Jessica
   536 | D:2      | Killed Jessica
   537 | D:2      | Reached skill level 4 in Unarmed Combat
   615 | D:2      | Reached XP level 4. HP: 40/44 MP: 3/3
   776 | D:2      | Noticed Sigmund
   790 | D:2      | Killed Sigmund
   791 | D:2      | Reached skill level 5 in Unarmed Combat
   791 | D:2      | Reached XP level 5. HP: 37/53 MP: 4/4
   823 | D:2      | Found a runed translucent door.
   824 | D:2      | Noticed Crazy Yiuf
  1280 | D:2      | Killed Crazy Yiuf
  1281 | D:2      | Reached XP level 6. HP: 61/61 MP: 5/5
  1369 | D:3      | Found a glowing drain.
  1391 | Sewer    | Entered a sewer
  1681 | Sewer    | Reached skill level 6 in Unarmed Combat
  1749 | Sewer    | Reached XP level 7. HP: 68/68 MP: 6/6
  2048 | D:3      | Noticed Robin
  2069 | D:3      | Killed Robin
  2544 | D:4      | Noticed Edmund
  2561 | D:4      | Killed Edmund
  2562 | D:4      | Reached skill level 7 in Unarmed Combat
  2695 | D:4      | Noticed Eustachio
  2708 | D:4      | Killed Eustachio
  2709 | D:4      | Reached XP level 8. HP: 76/79 MP: 7/7
  2720 | D:4      | Found a snail-covered altar of Cheibriados.
  3220 | D:5      | Entered Level 5 of the Dungeon
  3346 | D:5      | Identified the ring of Qufuj {Str+6 Int+4 SInv}
  3729 | D:5      | Reached skill level 8 in Unarmed Combat
  3756 | D:5      | Reached skill level 5 in Fighting
  3804 | D:5      | Reached skill level 5 in Dodging
  4106 | D:6      | Noticed Pikel
  4116 | D:6      | Killed Pikel
  4117 | D:6      | Reached skill level 9 in Unarmed Combat
  4117 | D:6      | Reached XP level 9. HP: 78/88 MP: 8/8
  4323 | D:6      | Found an opulent altar of Gozag.
  4448 | D:6      | Noticed Grinder
  4452 | D:6      | Killed Grinder
  4516 | D:6      | Found Teafaef's Magic Scroll Boutique.
  4565 | D:6      | Found a staircase to the Ecumenical Temple.
  4597 | Temple   | Entered the Ecumenical Temple
  4656 | Temple   | Became a worshipper of Warmaster Okawaru
  4656 | Temple   | Reached * piety under Okawaru
  4656 | Temple   | Reached ** piety under Okawaru
  4895 | D:7      | Found a stormy altar of Qazlal.
  4958 | D:7      | Found a broken altar of Ashenzari.
  4998 | D:7      | Found a shimmering blue altar of Sif Muna.
  5101 | D:7      | Reached skill level 10 in Unarmed Combat
  5369 | D:7      | Reached skill level 1 in Invocations
  5748 | D:8      | Found a shimmering altar of Xom.
  5890 | D:8      | Reached XP level 10. HP: 95/98 MP: 10/10
  6152 | D:8      | Found a sparkling altar of Nemelex Xobeh.
  6250 | D:8      | Reached *** piety under Okawaru
  6284 | D:9      | Reached skill level 11 in Unarmed Combat
  6330 | D:9      | Found Yxuin's Distillery.
  6338 | D:9      | Bought a potion of heal wounds for 55 gold pieces
  6338 | D:9      | Bought a potion of might for 44 gold pieces
  6338 | D:9      | Bought a potion of curing for 33 gold pieces
  6338 | D:9      | Bought a potion of heal wounds for 55 gold pieces
  6338 | D:9      | Bought a potion of might for 44 gold pieces
  6378 | D:9      | Found a burning altar of Makhleb.
  6406 | D:10     | Entered Level 10 of the Dungeon
  6627 | D:9      | Noticed a two-headed ogre
  6633 | D:9      | Killed a two-headed ogre
  6633 | D:9      | Reached **** piety under Okawaru
  6742 | D:9      | Found an ornate altar of the Wu Jian Council.
  6795 | D:9      | Noticed a purple ugly thing
  6800 | D:9      | Killed a purple ugly thing
  6863 | D:9      | Noticed a manticore
  6873 | D:9      | Killed a manticore
  6874 | D:9      | Reached skill level 12 in Unarmed Combat
  6876 | D:9      | Noticed a wolf spider
  6883 | D:9      | Killed a wolf spider
  6975 | D:9      | Noticed a boulder beetle
  6984 | D:9      | Killed a boulder beetle
  6984 | D:9      | Reached ***** piety under Okawaru
  6984 | D:9      | Received a gift from Okawaru
  6985 | D:9      | Reached XP level 11. HP: 64/105 MP: 10/13
  7058 | D:9      | Identified the +1 hat of Negligence {rPois rC+ Will+ Int+2}
  7130 | D:9      | Reached skill level 5 in Invocations
  7493 | D:9      | Noticed a brown ugly thing
  7500 | D:9      | Killed a brown ugly thing
  7503 | D:9      | Noticed a stone giant
  7508 | D:9      | Killed a stone giant
  7641 | D:9      | Found a staircase to the Orcish Mines.
  7741 | D:10     | Noticed a two-headed ogre
  7752 | D:10     | Killed a two-headed ogre
  7753 | D:10     | Reached skill level 13 in Unarmed Combat
  7754 | D:10     | Noticed a two-headed ogre
  7761 | D:10     | Killed a two-headed ogre
  7910 | D:10     | Identified the +11 bardiche of Tooth {drain, rCorr}
                  | (Okawaru gifted it to you on level 10 of the Dungeon)
  7910 | D:10     | Received a gift from Okawaru
  8511 | D:10     | Found a staircase to the Lair.
  8576 | D:10     | Reached XP level 12. HP: 123/123 MP: 15/15
  8577 | D:10     | Reached skill level 15 in Unarmed Combat
  8577 | D:10     | Reached XP level 13. HP: 131/131 MP: 16/16
  8625 | Lair:1   | Entered Level 1 of the Lair of Beasts
  8643 | Lair:1   | Identified the +1 robe of Wuotuadd {Regen+ rCorr Int+4}
  9338 | Lair:2   | Reached XP level 14. HP: 93/140 MP: 17/17
  9399 | Lair:2   | Received a gift from Okawaru
  9556 | Lair:2   | Found a staircase to the Shoals.
  9606 | Lair:2   | Received a gift from Okawaru
  9720 | Lair:2   | Noticed Nergalle
  9728 | Lair:2   | Killed Nergalle
  9818 | Lair:2   | Found a staircase to the Snake Pit.
  9874 | Lair:2   | Reached skill level 1 in Armour
 10431 | Lair:2   | Identified the +11 long sword of the Final Decision {spect,
                  | rElec Dex+3}
 10652 | Lair:3   | Reached skill level 16 in Unarmed Combat
 10703 | Lair:3   | Identified the ring "Biluome" {Contam rPois rF+ Str+2 SInv}
 11931 | Lair:4   | Received a gift from Okawaru
 12101 | Lair:4   | Reached skill level 10 in Fighting
 12541 | Lair:4   | Noticed Rupert
 12560 | Lair:4   | Killed Rupert
 12971 | Lair:5   | Reached skill level 10 in Dodging
 13034 | Lair:5   | Reached XP level 15. HP: 132/149 MP: 18/18
 13090 | Lair:5   | Reached skill level 17 in Unarmed Combat
 13213 | Lair:5   | You fall into a shaft and drop 1 floor!
 13213 | Lair:6   | Entered Level 6 of the Lair of Beasts
 13243 | Lair:6   | Received a gift from Okawaru
 13364 | Lair:6   | Reached skill level 5 in Armour
 13788 | Lair:5   | Found a staircase to the Slime Pits.
 13788 | Lair:5   | Found a viscous altar of Jiyva.
 15348 | D:12     | Reached ****** piety under Okawaru
 15915 | D:13     | Noticed Urug
 15915 | D:13     | Found a gate to the Vaults.
 16010 | D:13     | Reached skill level 18 in Unarmed Combat
 16024 | D:13     | Killed Urug
 16348 | D:13     | Found Juntitask's Assorted Antiques.
 16402 | D:13     | Bought a runed cabochon amulet for 140 gold pieces
 16554 | D:13     | Found Hechijic's Antique Armour Boutique.
 16573 | D:13     | Reached XP level 16. HP: 158/162 MP: 16/19
 16606 | D:13     | Identified the ring "Yqoguah" {rPois Will+ rCorr Int+3}
 16645 | D:13     | Found Isiusest's Book Shoppe.
 17093 | Orc:1    | Entered Level 1 of the Orcish Mines
 17127 | D:9      | Received a gift from Okawaru
 17478 | Orc:1    | Found a transporter.
 17511 | Orc:1    | Noticed Kala's ghost (journeyman MiBe)
 17534 | Orc:1    | Found a transporter.
 17552 | Orc:1    | Found a bloodstained altar of Trog.
 17788 | Orc:1    | Killed Kala's ghost
 17851 | Orc:2    | Entered Level 2 of the Orcish Mines
 18296 | Orc:2    | Found a staircase to the Elven Halls.
 18810 | Orc:2    | Found Hopemion's Armour Boutique.
 19359 | Orc:2    | Found Doraj's Assorted Antiques.
 19368 | Orc:2    | Bought a glowing cloak for 240 gold pieces
 19698 | Orc:2    | Found Boixac's Armour Boutique.
 19874 | Orc:2    | Found Huju Yca's General Store.
 19917 | Orc:2    | Bought a potion of curing for 42 gold pieces
 19917 | Orc:2    | Bought a scroll of magic mapping for 49 gold pieces
 19933 | Orc:2    | Identified the +4 executioner's axe of Ascent {flame, rC+
                  | rN+} (Okawaru gifted it to you on level 2 of the Orcish
                  | Mines)
 19933 | Orc:2    | Received a gift from Okawaru
 20576 | Snake:1  | Entered Level 1 of the Snake Pit
 20612 | Snake:1  | Reached skill level 19 in Unarmed Combat
 20756 | Snake:1  | You fall into a shaft and drop 1 floor!
 20793 | Snake:1  | Slain by a naga warrior

Illustrated notes

Levels and vault maps discovered:
D:1:      minmay_arrival_shattered_statue, layout_rooms,
          hellmonk_ecumenical_altar_lost_god, minmay_tetromino_s2
D:2:      layout_loops_cross, minmay_fractal_squares_5, uniq_sigmund,
          uniq_jessica, uniq_crazy_yiuf_cottage
D:3:      layout_loops_ring, portal_sewer_entry_a, uniq_robin
D:4:      layout_basic, kennysheep_slug_shrine, amethyst_killhole,
          uniq_eustachio, uniq_edmund
D:5:      layout_basic, minmay_misc_feat_four_crosses,
          minmay_a_box_with_orc_wizards_in_it
D:6:      layout_basic, lemuel_coloured_pillars_altar,
          minmay_temple_entry_water_ring, serial_shops, nicolae_shop_crystal,
          uniq_grinder, uniq_pikel
D:7:      layout_gridville, evilmike_ruin_ashenzari,
          mainiacjoe_overflow_small_starburst, mainiacjoe_overflow_cross_hatched
D:8:      layout_basic, nemelex_diamond_rough_becter,
          mainiacjoe_overflow_surrounded_room
D:9:      minmay_chopped_fan, layout_long_grid, lightli_temple_of_fire,
          general_overflow_altar, serial_shops, nicolae_shop_crystal,
          minmay_misc_feat_nine_boxes
D:10:     layout_basic, david_lair_shrubbed, serial_rivers,
          chequers_serial_rivers_small_b, chequers_serial_rivers_micro_b,
          chequers_serial_rivers_micro_b, chequers_serial_rivers_small_a,
          nicolae_zen_rock_garden
D:11:     layout_gridville
D:12:     layout_small_grid
D:13:     layout_cave_pods, david_vaults_3, serial_shops, shop_coins,
          shop_fountains, nicolae_shop_temple_entry_statues_fountains,
          serial_bayou_pond_a
Temple:   cyrus_circular_temple
Lair:1:   layout_chaotic_city
Lair:2:   layout_small_grid, minmay_shoals_entry_centaurs,
          guppyfry_snake_entry_garden, minmay_lindwurm_lava,
          infiniplex_staircase_pool, uniq_nergalle
Lair:3:   layout_layer_cave, beast_lair_carwin_5, infiniplex_staircase_pool_2,
          grunt_megastairs_1, serial_bayou_shore_a, serial_bayou_shore_b,
          minmay_lair_oklob_chamber
Lair:4:   statuecave_lemuel, layout_regular_city, lookout_lair_type, uniq_rupert
Lair:5:   layout_regular_city, slime_altar_1, cheibrodos_lair_caveside_slide,
          minivault_23, minmay_lair_oklob_bushes
Lair:6:   gammafunk_lair_ancient_temple, layout_gridlike, lemuel_fruit_fields
Snake:1:  layout_rooms, nicolae_snake_gridmaze_swirls,
          nicolae_snake_guarding_the_ruins, minmay_shop_grove
Snake:2:  layout_chambers, serial_shops, nicolae_stop_n_shop_1
Orc:1:    layout_caves, enter_volcano_4, gammafunk_ghost_wrathful_warriors
Orc:2:    pubby_orc_utopia, serial_shops

Skill      XL: |  1  2  3  4  5  6  7  8  9 10 11 12 13 14 15 16 |
---------------+-------------------------------------------------+-----
Unarmed Combat | 4 5 6 7 9 10 12 13 15 16 18 19 | 19.0
Fighting       | 3 4 5 6 9 10 11 | 11.7
Dodging        | 3 4 5 6 7 8 10 11 | 11.5
Invocations    | 2 4 6 |  6.6
Armour         | 4 6 7 |  7.6
Stealth        | |  1.0

Action                   |  1- 3 |  4- 6 |  7- 9 | 10-12 | 13-15 | 16-18 || total
-------------------------+-------+-------+-------+-------+-------+-------++-------
Melee: Unarmed           |    66 |   168 |   321 |   257 |   896 |   576 ||  2284
       Punch             |     2 |     2 |    12 |    25 |   117 |    72 ||   230
Invok: Heroism           |       |       |       |     5 |    10 |     7 ||    22
       Finesse           |       |       |       |       |     4 |     3 ||     7
Evoke: Wand              |       |       |       |       |    11 |       ||    11
  Use: Potion            |       |     1 |     1 |     2 |     6 |     2 ||    12
       Scroll            |       |       |    15 |     7 |     8 |     4 ||    34
 Stab: Sleeping          |     6 |     2 |     5 |     2 |     3 |     1 ||    19
       Distracted        |       |       |       |     1 |     1 |       ||     2
       Invisible         |       |       |       |       |       |     7 ||     7
Armor: Robe              |    18 |    57 |    64 |       |   188 |       ||   327
       Steam dragon scal |       |       |     7 |    85 |     2 |       ||    94
       Troll leather arm |       |       |       |       |    98 |   149 ||   247
Dodge: Dodged            |    39 |   110 |   188 |   185 |   714 |   462 ||  1698
